Map: Deathaura LE

Players

ShoWTimE - Winner!

  • Race: Protoss Protoss
  • League: Grandmaster
  • Spawn Location: 11:00

HeroMarine

  • Race: Terran Terran
  • League: Master
  • Spawn Location: 5:00

Event: War Chest Team League

VOD

Have the link to the VOD?

Description

Time

  • Played on: July 24, 2020, 9:14 a.m.
  • Length: 12:10
Show
View Real Time Build Order
Export as new Build Order

ShoWTimE Protoss - Winner!

Build Orders: 1 Gate Expand, Blink Stalkers, Zealot Archon 

Get SALT Encoding   

  12  0:00  Probe  
  13  0:12  Probe  
  14  0:17  Pylon  
  14  0:24  Probe  
  15  0:32  Probe  
  15  0:36  Gateway  
  15  0:40  Probe  
  16  0:45  Assimilator  
  17  0:51  Probe  
  18  1:03  Probe  
  19  1:15  Probe  
  20  1:23  Cybernetics Core  
  20  1:31  Nexus  
  20  1:34  Probe  
  21  1:40  Pylon  
  21  1:46  Probe  
  22  1:47  Assimilator  
  22  1:49  Adept  
  22  1:58  Probe  
  22  2:00  Warp Gate  
  25  2:10  Probe, Stalker  
  26  2:22  Probe  
  29  2:26  Twilight Council  
  29  2:34  Probe  
  29  2:35  Blink  
  30  2:39  Probe  
  30  2:42  Stalker  
  33  2:46  Probe  
  33  2:47  Probe  
  35  2:57  Probe  
  35  2:58  Probe  
  37  3:09  Probe  
  37  3:10  Probe  
  37  3:12  Gateway  
  39  3:21  Probe  
  39  3:23  Probe, Pylon  
  41  3:29  Robotics Facility  
  41  3:33  Probe  
  42  3:35  Probe  
  43  3:45  Probe  
  43  3:47  Probe  
  43  3:48  Sentry  
  47  3:50  Nexus  
  47  3:55  Pylon  
  47  3:57  Probe  
  47  3:59  Probe  
  47  4:02  Assimilator  
  49  4:06  Pylon  
  49  4:08  Phoenix  
  49  4:09  Probe  
  50  4:10  Stalker  
  50  4:11  Probe  
  50  4:14  Pylon  
  53  4:18  Observer  
  53  4:21  Stalker  
  53  4:22  Probe  
  53  4:23  Probe  
  58  4:34  Probe, Stalker  
  58  4:35  Probe  
  60  4:42  Observer  
  60  4:45  Gateway  
  61  4:46  Probe, Gateway  
  61  4:47  Probe  
  61  4:52  Stalker  
  65  4:54  Charge  
  65  4:57  Stalker  
  65  4:58  Probe  
  65  4:59  Probe  
  69  5:06  Probe  
  70  5:07  Shield Battery  
  70  5:08  Forge  
  70  5:18  Stalker  
  70  5:20  Stalker  
  70  5:21  Protoss Ground Armor Level 1  
  74  5:24  Probe x2  
  74  5:25  Pylon  
  74  5:26  Probe  
  77  5:35  Gateway  
  77  5:36  Probe  
  77  5:37  Immortal, Gateway  
  82  5:47  Gateway  
  82  5:50  Gateway  
  82  5:56  Zealot x4  
  90  6:02  Pylon  
  90  6:04  Probe x3, Pylon  
  90  6:06  Immortal  
  93  6:14  Pylon  
  93  6:17  Phoenix  
  97  6:19  Stalker  
  97  6:21  Stalker  
  97  6:24  Pylon  
  101  6:26  Sentry x2  
  101  6:30  Pylon, Zealot  
  107  6:37  Pylon  
  107  6:38  Pylon  
  107  6:41  Probe x3  
  107  6:44  Zealot x4  
  107  6:45  Zealot  
  121  6:47  Observer  
  121  6:50  Photon Cannon  
  121  6:54  Assimilator  
  121  6:56  Assimilator  
  121  6:57  Probe x2  
  121  6:58  Probe  
  124  7:02  Templar Archives  
  124  7:11  Pylon  
  124  7:12  Zealot x5  
  134  7:21  Probe x3  
  134  7:22  Assimilator  
  137  7:24  Protoss Ground Weapons Level 1  
  137  7:29  Zealot x3  
  143  7:33  Probe  
  144  7:40  Pylon, Zealot x2, High Templar  
  144  7:41  Zealot, High Templar  
  154  7:46  Archon, Psionic Storm  
  150  7:55  Warp Prism  
  149  8:01  Zealot  
  149  8:02  Probe  
  150  8:09  Photon Cannon  
  150  8:10  Zealot x5  
  158  8:21  Zealot x3  
  164  8:29  Pylon  
  164  8:30  Pylon, High Templar x4  
  172  8:38  Nexus  
  172  8:42  Pylon  
  169  8:50  Zealot  
  169  8:51  Zealot x3  
  157  9:03  Zealot x4  
  141  9:11  Zealot x3  
  141  9:14  Protoss Ground Armor Level 2  
  127  9:25  Observer  
  127  9:26  Probe x2  
  127  9:27  Probe  
  127  9:29  Robotics Bay, Forge  
  130  9:31  Robotics Facility  
  130  9:37  Photon Cannon  
  131  9:39  Zealot x2, High Templar x4  
  131  9:40  Zealot  
  131  9:41  Shield Battery  
  131  9:45  Archon x2  
  145  9:46  Shield Battery  
  145  9:52  Probe  
  146  9:53  Probe x2  
  146  9:58  Observer  
  148  10:00  Photon Cannon  
  148  10:02  High Templar x2  
  148  10:03  Shield Battery  
  148  10:06  Archon  
  152  10:09  Zealot x2  
  156  10:16  Zealot x2  
  156  10:17  Zealot x2  
  156  10:18  Colossus  
  156  10:19  Observer  
  169  10:26  Colossus  
  167  10:34  Zealot x4  
  171  10:41  Observer  
  169  10:51  Zealot x4  
  163  10:58  Archon  
  163  10:59  High Templar x2  
  163  11:01  Zealot x2  
  171  11:05  Archon, Observer  
  171  11:07  Colossus  
  171  11:13  Zealot x4  
  169  11:27  Zealot x2  
  172  11:36  Zealot x6  
  184  11:40  Gateway  
  184  11:44  Pylon  
  174  11:51  Zealot x2  
  168  12:00  Zealot x6  
Show
View Real Time Build Order
Export as new Build Order

HeroMarine Terran 

Build Orders: Reaper Expand 

Get SALT Encoding   

  12  0:00  SCV  
  13  0:12  SCV  
  14  0:16  Supply Depot  
  14  0:24  SCV  
  15  0:38  SCV, Barracks  
  16  0:43  Refinery  
  16  0:50  SCV  
  17  1:02  SCV  
  18  1:14  SCV  
  19  1:26  Reaper  
  19  1:28  Orbital Command  
  20  1:40  Command Center  
  20  1:48  Supply Depot  
  20  1:53  SCV  
  21  1:58  Marine  
  22  2:05  SCV  
  23  2:08  Factory  
  23  2:13  Refinery  
  23  2:16  Marine  
  23  2:18  SCV  
  25  2:31  SCV  
  25  2:35  Barracks Reactor  
  25  2:36  Bunker  
  26  2:43  SCV  
  27  2:55  SCV  
  28  3:01  Widow Mine  
  28  3:05  Starport  
  28  3:07  SCV  
  29  3:13  Orbital Command, Marine x2  
  29  3:19  SCV  
  32  3:22  Widow Mine  
  34  3:31  SCV, Marine x2  
  37  3:39  SCV  
  38  3:42  Supply Depot, Medivac  
  38  3:43  SCV  
  38  3:44  Factory Tech Lab  
  41  3:48  Marine  
  41  3:49  Marine  
  41  3:51  SCV  
  45  3:55  SCV  
  45  4:03  SCV  
  45  4:04  Supply Depot, Siege Tank  
  45  4:07  SCV, Marine  
  45  4:08  Marine  
  52  4:15  SCV, Supply Depot  
  53  4:19  SCV  
  54  4:25  Marine x2  
  54  4:27  SCV  
  57  4:32  SCV  
  57  4:33  Liberator  
  60  4:40  Supply Depot, Siege Tank  
  60  4:41  SCV  
  60  4:43  Marine x2  
  60  4:44  SCV  
  67  4:49  Barracks  
  67  4:53  SCV  
  67  4:56  SCV  
  69  5:01  Marine x2  
  69  5:05  SCV, Refinery, Barracks  
  69  5:06  Engineering Bay  
  72  5:08  SCV  
  73  5:14  Supply Depot, Siege Tank  
  73  5:17  SCV  
  73  5:19  Starport Tech Lab, Marine  
  78  5:34  Terran Infantry Weapons Level 1  
  78  5:36  SCV x2, Refinery, Marine  
  78  5:37  Supply Depot, Marine  
  78  5:42  Barracks Tech Lab  
  82  5:48  SCV x2  
  84  5:53  Marine  
  85  5:57  Stimpack, Command Center  
  85  5:58  Barracks Tech Lab, Siege Tank  
  85  5:59  Supply Depot  
  85  6:00  SCV  
  85  6:01  SCV  
  90  6:04  Marine  
  90  6:05  Marine  
  90  6:06  Starport Reactor  
  92  6:17  Combat Shield  
  94  6:21  Marauder  
  94  6:22  Supply Depot  
  94  6:24  Supply Depot, Marauder, Marine x2  
  98  6:35  SCV  
  98  6:36  Barracks  
  98  6:39  Factory Reactor, Barracks  
  99  6:42  Marauder, Marine  
  99  6:44  Marine  
  99  6:45  Supply Depot  
  99  6:46  Marauder  
  105  6:53  Medivac x2  
  109  6:57  Supply Depot  
  109  7:04  Marauder  
  109  7:06  SCV x2  
  109  7:07  Marauder  
  115  7:12  Marine x2  
  117  7:16  Widow Mine x2  
  117  7:18  SCV x2  
  123  7:23  Medivac x2  
  123  7:25  Marauder  
  123  7:28  Marauder  
  130  7:30  SCV x2  
  130  7:31  Marauder  
  130  7:34  Supply Depot, Orbital Command  
  130  7:35  Barracks Reactor  
  130  7:36  Marine x2  
  136  7:41  Widow Mine  
  136  7:42  SCV x2, Widow Mine  
  142  7:47  Marauder  
  142  7:50  Marauder  
  146  7:52  Marine  
  146  7:54  SCV, Marine  
  146  7:56  SCV  
  150  8:02  Concussive Shells  
  150  8:04  SCV, Supply Depot  
  149  8:06  SCV  
  149  8:08  SCV, Marauder, Ghost Academy  
  153  8:16  SCV, Medivac x2, Widow Mine x2  
  156  8:20  SCV  
  156  8:25  SCV  
  156  8:26  Marauder  
  160  8:27  Supply Depot  
  160  8:28  Supply Depot  
  160  8:29  SCV  
  160  8:33  Marauder x2  
  165  8:47  Marine  
  165  8:48  Marine x2  
  165  8:49  Marauder, Widow Mine x2  
  165  8:51  Marine  
  165  8:54  Marine  
  165  8:55  Marauder  
  171  8:56  SCV x2  
  171  8:57  SCV  
  151  9:05  Marine  
  151  9:06  Medivac x2, Marine  
  140  9:10  Marauder, Widow Mine x2  
  140  9:11  Marine x2  
  140  9:13  Refinery x2, Marauder  
  147  9:23  Ghost  
  147  9:24  Marine x2  
  144  9:28  Marine  
  144  9:29  Supply Depot, Marine  
  144  9:31  Ghost  
  145  9:32  Supply Depot  
  145  9:33  Ghost  
  145  9:34  Widow Mine x2  
  153  9:41  Marine  
  153  9:42  Viking  
  153  9:43  Viking  
  153  9:44  Marine  
  159  9:46  Marine x2  
  159  9:52  Enhanced Shockwaves, Marauder  
  163  9:59  Marine  
  164  10:00  Marauder  
  164  10:02  Marine  
  164  10:03  Marauder  
  164  10:05  Widow Mine x2  
  173  10:07  Marine x2  
  173  10:14  Marauder  
  177  10:18  Marine  
  177  10:20  Marine  
  179  10:22  Marauder  
  179  10:24  Marauder  
  179  10:28  Marine x2  
  183  10:29  Viking x2  
  183  10:35  Marauder  
  178  10:36  Marine  
  178  10:42  Marine  
  178  10:43  Marauder  
  178  10:45  Marauder, Marine  
  178  10:46  Marine  
  178  10:48  Widow Mine x2  
  187  10:54  Marine  
  187  10:56  Marauder  
  174  10:59  Marine  
  174  11:03  Marine x2  
  177  11:04  Marauder  
  177  11:06  Medivac  
  177  11:07  Medivac, Marauder  
  177  11:09  Widow Mine x2  
  189  11:18  Marauder  
  181  11:25  Marine x2  
  162  11:26  Marauder  
  162  11:28  Marauder  
  162  11:32  Marine x2  
  169  11:34  Widow Mine x2  
  169  11:38  Medivac x2  
  169  11:39  Marauder  
  179  11:43  Marine x2  
  171  11:47  Marauder  
Tags
 
Add a new tag
Caveats
  • Supply blocks, unpowered buildings, or Contaminate may cause inaccurate times.
  • Supply counts are checked every 10 seconds.